 Dungeon Crawl Stone Soup version 0.19-a0-444-g66f5227 (webtiles) character file.

128545 AllRandomAllDemise the Zephyrmancer (level 17, 0/119 HPs)
             Began as a Halfling Air Elementalist on May 29, 2016.
             Was the Champion of Ashenzari.
             Slain by a merfolk impaler
             ... wielding a +0 trident of freezing
              (27 damage)
             ... on level 2 of the Shoals on June 1, 2016.
             The game lasted 01:47:26 (48453 turns).

AllRandomAllDemise the Zephyrmancer (HaAE)         Turns: 48453, Time: 01:47:26

Health: 0/119      AC: 16    Str:  8    XL:     17   Next: 59%
Magic:  18/50      EV: 26    Int: 19    God:    Ashenzari [******]
Gold:   38         SH:  0    Dex: 19    Spells: 11 memorised, 5 levels left

rFire  + . .     SeeInvis +     B - staff of conjuration {!a}
rCold  . . .     Gourm    .     G - +2 robe {rF+}
rNeg   . . .     Faith    .     (shield currently unavailable)
rPois  .         Spirit   .     L - +5 hat "Ecohoentu" {Dex+2} (curse)
rElec  .         Dismiss  .     E - +0 cloak
rCorr  .         Reflect  .     l - +2 pair of gloves (curse)
SustAt .         Harm     .     v - +2 pair of boots (curse)
MR     +....     Clarity  +     A - amulet of magic regeneration (curse)
Stlth  +++.......               m - ring of magical power (curse)
                                J - ring of magical power

@: repel missiles, somewhat resistant to hostile enchantments, fairly stealthy
A: horns 1, mutation resistance 1
a: Curse Item, Scrying, Transfer Knowledge, Renounce Religion


You were on level 2 of the Shoals.
You worshipped Ashenzari.
Ashenzari was exalted by your worship.
You were near starving.

You visited 5 branches of the dungeon, and saw 28 of its levels.
You also visited: Volcano.

You collected 2537 gold pieces.
You spent 2499 gold pieces at shops.

Inventory:

Armour
 l - a cursed +2 pair of gloves (worn)
 v - a cursed +2 pair of boots (worn)
 E - a +0 cloak (worn)
 G - a +2 robe of fire resistance (worn)
 L - the cursed +5 hat "Ecohoentu" (worn) {Dex+2}
   (You bought it in a shop on level 5 of the Dungeon)

   It affects your dexterity (+2).
   It has a curse placed upon it.
 M - a +1 robe of the Archmagi
Magical Staves
 B - an uncursed staff of conjuration (weapon) {!a}
 C - an uncursed staff of air
Jewellery
 m - a cursed ring of magical power (right hand)
 y - an uncursed ring of protection from fire
 A - a cursed amulet of magic regeneration (around neck)
 J - a ring of magical power (left hand)
Wands
 e - a wand of paralysis (12/24)
 f - a wand of iceblast (1/15)
 p - a wand of digging (0/24)
 O - a wand of disintegration (1/24)
 Q - a wand of digging (17/24)
 S - a wand of disintegration (12/24)
 X - a wand of paralysis (16/24)
Scrolls
 a - a scroll of teleportation
 c - 7 scrolls of fog
 j - a scroll of fear
 s - 5 scrolls of amnesia
 w - 3 scrolls of identify
 z - a scroll of magic mapping
 F - 6 scrolls of remove curse
 I - 2 scrolls of enchant armour
 W - a scroll of enchant weapon
Potions
 b - 2 potions of invisibility
 h - 6 potions of brilliance
 k - 5 potions of flight
 n - 3 potions of haste
 q - a potion of lignification {!q}
 r - 10 potions of curing
 u - 4 potions of agility
 D - a potion of cure mutation {!q}
 H - 4 potions of might
 R - 2 potions of resistance
 T - 4 potions of heal wounds
Books
 o - a book of Flames

   Spells                             Type                      Level
   a - Flame Tongue                   Conjuration/Fire             1
   b - Throw Flame                    Conjuration/Fire             2
   c - Conjure Flame                  Conjuration/Fire             3
   d - Inner Flame                    Hexes/Fire                   3
   e - Sticky Flame                   Conjuration/Fire             4
   f - Fireball                       Conjuration/Fire             5
 V - a book of Annihilations

   Spells                             Type                      Level
   a - Poison Arrow                   Conjuration/Poison           6
   b - Chain Lightning                Conjuration/Air              8
   c - Lehudib's Crystal Spear        Conjuration/Earth            8
   d - Glaciate                       Conjuration/Ice              9
   e - Fire Storm                     Conjuration/Fire             9
 Y - a book of Transfigurations

   Spells                             Type                      Level
   a - Irradiate                      Conjuration/Transmutation    5
   b - Statue Form                    Transmutation/Earth          6
   c - Hydra Form                     Transmutation                6
   d - Dragon Form                    Transmutation                7
 Z - a book of Debilitation

   Spells                             Type                      Level
   a - Corona                         Hexes                        1
   b - Slow                           Hexes                        2
   c - Gell's Gravitas                Hexes/Translocation          3
   d - Inner Flame                    Hexes/Fire                   3
   e - Cause Fear                     Hexes                        4
   f - Leda's Liquefaction            Hexes/Earth                  4
Miscellaneous
 d - an ornate deck of destruction {drawn: 2}
 g - a phial of floods (inert)
 t - a lamp of fire (inert)
Comestibles
 x - 4 bread rations
 N - 2 slices of pizza
 P - 5 fruits


   Skills:
 + Level 12.2 Fighting
 - Level 10.0(12.8) Dodging
 - Level 2.1(4.4) Stealth
 * Level 11.5 Spellcasting
 + Level 12.0(14.7) Conjurations
 - Level 5.9(9.0) Translocations
 - Level 13.8(16.4) Air Magic
 + Level 7.1(10.2) Poison Magic


You had 5 spell levels left.
You knew the following spells:

 Your Spells              Type           Power        Failure   Level  Hunger
a - Shock                 Conj/Air       ####         0%          1    None
c - Stone Arrow           Conj/Erth      ######       1%          3    None
d - Static Discharge      Conj/Air       #######.     1%          3    None
e - Poison Arrow          Conj/Pois      ######....   8%          6    ######.
h - Swiftness             Chrm/Air       #####...     1%          2    None
i - Poisonous Cloud       Conj/Pois/Air  #######...   3%          6    ######.
l - Apportation           Tloc           #####.....   1%          1    None
r - Repel Missiles        Chrm/Air       #####.       1%          2    None
F - Lightning Bolt        Conj/Air       #######...   1%          5    ####...
O - Passage of Golubria   Tloc           N/A          1%          4    ##.....
Q - Animate Skeleton      Necr           N/A          8%          1    None


Dungeon Overview and Level Annotations

Branches:
Dungeon (15/15)              Lair (8/8) D:9          Shoals (2/4) Lair:4
  Snake (1/4) Lair:3        Slime (0/6) Lair:6          Orc (2/2) D:9
    Elf (0/3) Orc:2        Vaults (0/5) D:13
 Temple: D:4-7       Depths: D:15

Altars:
Ashenzari
Dithmenos
Fedhas
Gozag
Kikubaaqudgha
Nemelex Xobeh
Okawaru
Pakellas
Sif Muna
Trog
Uskayaw
Jiyva

Shops:
D:5 [   D:8 %   D:10 }   Orc:1 (   Orc:2 *!*=(%!   Shoals:2 =!([

Annotations:
D:2 Terence
Lair:5 Rupert
Lair:8 5 exclusions


Innate Abilities, Weirdness & Mutations

You are small and have problems with some larger weapons.
You are somewhat resistant to further mutation.
You have a pair of small horns on your head.


Message History

Casting: Poison Arrow
Confirm with . or Enter, or press ? or * to list all spells.
Aiming: Lightning Bolt
Press: ? - help, Shift-Dir - straight line, f - merfolk impaler
Aim: a merfolk impaler, wielding a trident of freezing and wearing a leather armour (heavily wounded, poisoned)
You feel a surge of power!
You hear a mighty clap of thunder!
The bolt of lightning misses the merfolk impaler.
The bolt of lightning hits the plant.
The plant is moderately damaged.
The bolt of lightning hits the water elemental.
The water elemental resists.
The water elemental is lightly damaged.
You are near starving!
You hear an angry hiss. x2; You hear a screech! x2
The merfolk impaler closely misses you.
The merfolk hits you from afar with a spear!
* * * LOW HITPOINT WARNING * * *
The merfolk impaler hits you from afar with a trident of freezing!!
You die...

,,,,, * *#P§§P§....PP...≈.≈≈≈≈
,*, * §§§.....≈≈≈≈....≈≈≈≈ **
##P§§.##.≈≈..≈..≈...≈ ***##*
#####.§§§§###≈P..≈≈≈..... ,
...###.P.P.§§§PP≈≈≈≈≈≈≈.......
,.≈..PPPP.P.≈EPP≈≈≈≈≈≈≈≈.>.#### ,
....PP≈P≈≈.≈mm≈≈≈≈≈P≈≈##..#### ,
≈..P.≈≈≈.....≈≈≈≈≈≈....#....## ≈
≈≈≈≈....(....@.P≈≈≈PPP..≈≈≈≈..
≈≈≈.............≈≈≈.PP≈.≈≈≈≈..
≈≈≈≈≈..............≈≈P......≈≈≈≈.
≈≈≈..........=....≈......^..... ,
≈≈.#.......∩).....≈........... ,,
.≈..^..............≈≈...###..)
...≈≈...............≈≈......>. ,,
.....≈≈...........≈≈≈........ ,
,...≈..............≈≈≈≈.≈.....


You could see a merfolk impaler, a merfolk and a water elemental.

Vanquished Creatures
  A kraken (Shoals:1)
  2 stone giants
  3 merfolk impalers
  Erolcha (D:11)
  7 hydras
  3 catoblepae
  A merfolk avatar (Shoals:1)
  A dancing weapon (D:12)
  4 ogre magi (Orc:2)
  18 death yaks
  A shock serpent (Snake:1)
  6 naga sharpshooters (Snake:1)
  Sonja (D:11)
  5 sea snakes
  7 hill giants
  A naga ritualist (Snake:1)
  A wizard (D:14)
  A necromancer (Lair:6)
  3 mana vipers
  6 griffons
  The ghost of cuttz09 the Arsonist, a novice DEFE of Hepliaklqana (D:8)
  5 ugly things
  An orc sorcerer (Orc:2)
  2 cyclopes
  A faun (Shoals:2)
  3 deep elf magi
  3 manticores
  2 sirens (Shoals:1)
  Psyche (D:8)
  A naga mage (Snake:1)
  Maurice (D:7)
  18 elephants
  8 black mambas
  A torpor snail (Lair:7)
  15 spiny frogs
  13 komodo dragons
  4 rime drakes
  2 polar bears
  6 trolls
  10 merfolk
  3 blink frogs (Lair:4)
  16 two-headed ogres
  Prince Ribbit (D:7)
  3 snapping turtles
  Sigmund (D:4)
  A shadow (D:12)
  5 wyverns
  A vampire (D:15)
  3 water elementals
  90 yaks
  4 basilisks
  2 hungry ghosts
  13 hippogriffs
  3 wargs (Orc:2)
  A mottled dragon (D:12)
  14 nagas
  A soldier ant (D:9)
  Duvessa (D:6)
  16 porcupines
  4 sky beasts
  18 water moccasins
  2 ice beasts
  4 phantoms
  2 black bears
  A necrophage (D:8)
  10 orc warriors
  An eye of draining (D:12)
  25 ogres
  21 wolves
  8 centaurs
  18 crocodiles
  2 big kobolds
  24 giant frogs
  Dowan (D:6)
  6 jellies
  A wyvern skeleton (D:6)
  2 scorpions
  10 killer bees
  10 wights
  6 howler monkeys
  4 electric eels (Lair:6)
  4 crimson imps
  A giant frog zombie (D:12)
  A quasit (D:7)
  A basilisk zombie (Lair:6)
  3 centaur zombies
  9 hounds
  13 orc priests
  22 orc wizards
  3 centaur skeletons
  9 iguanas
  Ijyb (D:2)
  7 worker ants
  41 sheep
  3 hound skeletons
  4 gnolls (D:5)
  9 adders
  77 river rats
  A shadow imp (D:6)
  2 oozes
  3 adder skeletons
  2 worms
  A dart slug (D:2)
  7 giant geckos
  70 orcs
  5 giant cockroaches
  9 goblins
  9 hobgoblins
  20 jackals
  17 kobolds
  9 quokkas
  3 ball pythons
  12 bats
  3 giant gecko skeletons
  7 giant newts
  A quokka zombie (D:6)
  17 rats
  5 fungi
  3 plants
  2 tentacles (Shoals:1)
946 creatures vanquished.

Vanquished Creatures (collateral kills)
  A catoblepas (Lair:8)
  A dancing weapon (D:12)
  A death yak (Lair:3)
  A hill giant (D:11)
  A wolf spider zombie (D:12)
  An orc sorcerer (Orc:1)
  A siren (Shoals:1)
  A centaur zombie (D:14)
  A centaur skeleton (D:14)
  A merfolk (Shoals:1)
  3 two-headed ogres
  A wyvern (D:12)
  3 yaks
  A warg (Orc:2)
  4 ogres (Orc:2)
  2 killer bees (D:11)
  A crimson imp (D:11)
  A giant frog zombie (D:11)
  An orc wizard (D:11)
  A worker ant (D:11)
  3 orcs
31 creatures vanquished.

Vanquished Creatures (others)
  An orc warrior (Orc:2)
  2 bushes
  45 fungi
  67 plants
  12 tentacles (Shoals:1)
  729 tentacle segments (Shoals:1)
856 creatures vanquished.

Grand Total: 1833 creatures vanquished

Notes
Turn   | Place    | Note
--------------------------------------------------------------
     0 | D:1      | AllRandomAllDemise the Halfling Air Elementalist began the quest for the Orb.
     0 | D:1      | Reached XP level 1. HP: 11/11 MP: 3/3
   267 | D:1      | Reached XP level 2. HP: 17/17 MP: 1/4
   461 | D:1      | Reached skill level 1 in Conjurations
  1028 | D:1      | Reached skill level 4 in Air Magic
  1028 | D:1      | Reached XP level 3. HP: 21/21 MP: 0/5
  2090 | D:1      | Reached XP level 4. HP: 9/27 MP: 1/6
  2504 | D:2      | Noticed Terence
  2515 | D:2      | Learned a level 3 spell: Static Discharge
  2551 | D:2      | Found a hide-covered altar to Ukayaw.
  2942 | D:2      | Noticed Ijyb
  3013 | D:2      | HP: 1/27 [Ijyb/enchanted club (6)]
  3044 | D:2      | Killed Ijyb
  3044 | D:2      | Reached XP level 5. HP: 6/31 MP: 0/8
  3148 | D:2      | Upgraded the game from 0.19-a0-348-gdd94dc5 to 0.19-a0-368-g4db2635
  3591 | D:3      | Reached skill level 5 in Air Magic
  3663 | D:3      | Found a shattered altar of Ashenzari.
  3702 | D:3      | Became a worshipper of Ashenzari the Shackled
  4027 | D:3      | Found an ancient bone altar of Kikubaaqudgha.
  4038 | D:3      | Found a deep blue altar of Sif Muna.
  4198 | D:3      | Learned a level 2 spell: Swiftness
  4201 | D:3      | Learned a level 2 spell: Repel Missiles
  4337 | D:3      | Found a shadowy altar of Dithmenos.
  4580 | D:3      | Reached XP level 6. HP: 36/36 MP: 0/9
  4624 | D:4      | Found a bloodstained altar of Trog.
  4800 | D:4      | Noticed a phantom
  4848 | D:4      | Killed a phantom
  4928 | D:4      | Noticed an ogre
  4944 | D:4      | Killed an ogre
  4944 | D:4      | Reached skill level 6 in Air Magic
  4944 | D:4      | Reached XP level 7. HP: 20/41 MP: 7/11
  5190 | D:4      | Noticed Sigmund
  5224 | D:4      | Killed Sigmund
  5438 | D:4      | Reached skill level 7 in Air Magic
  5455 | D:4      | Reached XP level 8. HP: 44/46 MP: 7/13
  5529 | D:4      | Learned a level 5 spell: Lightning Bolt
  5926 | D:5      | Entered Level 5 of the Dungeon
  5983 | D:5      | Found Weuph's Antique Armour Emporium.
  5991 | D:5      | Bought a ripped robe for 165 gold pieces
  7053 | D:6      | Reached skill level 8 in Air Magic
  7377 | D:6      | Reached * piety under Ashenzari
  7487 | D:5      | Bought a tattered robe for 165 gold pieces
  7498 | D:5      | Identified the +1 robe of Jemet {-Tele rPois Regen+ Int+2} (You bought it in a shop on level 5 of the Dungeon)
  7581 | D:6      | Noticed Duvessa
  7598 | D:6      | Killed Duvessa
  7601 | D:6      | Noticed Dowan
  7675 | D:6      | Killed Dowan
  7675 | D:6      | Reached XP level 9. HP: 51/51 MP: 9/15
  8008 | D:6      | Found an opulent altar of Gozag.
  8048 | D:6      | Reached skill level 9 in Air Magic
  8142 | D:7      | Noticed Prince Ribbit
  8198 | D:7      | Killed Prince Ribbit
  9281 | D:7      | Noticed a moth of wrath
  9302 | D:7      | Found a bloodstained altar of Trog.
  9711 | D:8      | Reached skill level 10 in Air Magic
  9713 | D:8      | Reached skill level 5 in Spellcasting
  9823 | D:8      | Noticed Maurice
  9823 | D:8      | Reached skill level 5 in Conjurations
 10646 | D:7      | Killed Maurice
 10646 | D:7      | Reached XP level 10. HP: 56/56 MP: 2/18
 10796 | D:8      | Noticed Psyche
 10849 | D:8      | Killed Psyche
 10849 | D:8      | Reached skill level 11 in Air Magic
 11620 | D:8      | Noticed a hill giant
 11629 | D:8      | Killed a hill giant
 11828 | D:8      | Noticed cuttz09's ghost (novice DEFE)
 11856 | D:8      | Killed cuttz09's ghost
 12095 | D:8      | Reached skill level 12 in Air Magic
 12263 | D:8      | Found Wimar's Food Shop.
 12348 | D:5      | Bought a spiked hat for 261 gold pieces
 12358 | D:5      | Identified the +5 hat "Ecohoentu" {Dex+2} (You bought it in a shop on level 5 of the Dungeon)
 12779 | D:9      | Found a blossoming altar of Fedhas.
 12798 | D:9      | Reached ** piety under Ashenzari
 12835 | D:9      | Reached XP level 11. HP: 61/61 MP: 15/20
 13020 | D:9      | Reached skill level 1 in Fighting
 13668 | D:9      | Found a staircase to the Orcish Mines.
 13766 | D:9      | Found a sparkling altar of Nemelex Xobeh.
 14257 | D:9      | Found a staircase to the Lair.
 14743 | Lair:1   | Entered Level 1 of the Lair of Beasts
 15057 | Lair:1   | Reached *** piety under Ashenzari
 15168 | Lair:1   | Noticed an elephant
 15190 | Lair:1   | Killed an elephant
 15223 | Lair:1   | Noticed an elephant
 15240 | Lair:1   | Noticed an elephant
 15241 | Lair:1   | Killed an elephant
 15278 | Lair:1   | Killed an elephant
 15561 | Lair:1   | Noticed an elephant
 15577 | Lair:1   | Killed an elephant
 16726 | Lair:1   | Reached XP level 12. HP: 46/74 MP: 12/22
 17016 | Lair:2   | Reached XP level 13. HP: 88/88 MP: 23/23
 17151 | Lair:2   | Reached **** piety under Ashenzari
 18452 | Lair:2   | Noticed a four-headed hydra
 18454 | Lair:2   | Killed a four-headed hydra
 20028 | Lair:3   | Noticed a four-headed hydra
 20031 | Lair:3   | Killed a four-headed hydra
 20345 | Lair:3   | Found a staircase to the Snake Pit.
 20924 | Lair:3   | Noticed a catoblepas
 20929 | Lair:3   | Killed a catoblepas
 21327 | Lair:3   | Upgraded the game from 0.19-a0-368-g4db2635 to 0.19-a0-370-g2fc9061
 21523 | Lair:3   | HP: 8/90 [komodo dragon (8)]
 21942 | Lair:4   | Identified the +3 falchion "Zaew" {slice, rF- rN+ Str+3 Int+2}
 23361 | Lair:4   | Found a staircase to the Shoals.
 23377 | Lair:4   | Reached skill level 10 in Conjurations
 24157 | Lair:4   | Noticed a five-headed hydra
 24393 | Lair:4   | Noticed a five-headed hydra
 24403 | Lair:4   | Reached ***** piety under Ashenzari
 24507 | Lair:3   | Upgraded the game from 0.19-a0-370-g2fc9061 to 0.19-a0-376-gf780d9b
 24728 | Lair:4   | Reached XP level 14. HP: 97/97 MP: 15/26
 27238 | Lair:5   | Found an oddly glowing altar of Pakellas.
 28446 | Lair:6   | Found a staircase to the Slime Pits.
 28446 | Lair:6   | Found a viscous altar of Jiyva.
 28708 | Lair:6   | Reached skill level 10 in Dodging
 29294 | Lair:6   | Learned a level 1 spell: Apportation
 29299 | Lair:6   | Learned a level 4 spell: Passage of Golubria
 29358 | Lair:7   | Found a dark tunnel.
 29454 | Volcano  | Entered a volcano
 29636 | Volcano  | Noticed a red draconian
 29670 | Lair:7   | Reached skill level 1 in Translocations
 29736 | Lair:7   | Noticed Rupert
 30132 | Lair:6   | Reached skill level 10 in Fighting
 31263 | Lair:7   | Reached XP level 15. HP: 73/103 MP: 24/27
 31957 | Lair:8   | Entered Level 8 of the Lair of Beasts
 32051 | Lair:8   | Learned a level 6 spell: Poisonous Cloud
 32386 | Lair:8   | Reached skill level 1 in Poison Magic
 33240 | Lair:8   | Reached skill level 5 in Translocations
 33781 | Lair:8   | Reached skill level 10 in Spellcasting
 34072 | Lair:8   | Learned a level 1 spell: Animate Skeleton
 34687 | Lair:8   | Gained mutation: You have a pair of small horns on your head. [potion of beneficial mutation]
 35233 | D:10     | Entered Level 10 of the Dungeon
 35650 | D:10     | Reached XP level 16. HP: 107/111 MP: 22/30
 36009 | D:10     | Found Ybull's Gadget Boutique.
 36012 | D:10     | Bought a phial of floods for 440 gold pieces
 36259 | D:11     | Noticed Sonja
 36261 | D:11     | Killed Sonja
 36294 | D:11     | Noticed Erolcha
 36300 | D:11     | Killed Erolcha
 36961 | D:11     | Reached ****** piety under Ashenzari
 38567 | D:13     | Found an iron altar of Okawaru.
 38966 | D:13     | Found a gate to the Vaults.
 39422 | Lair:1   | Learned a level 3 spell: Stone Arrow
 39958 | D:13     | Reached skill level 13 in Air Magic
 40132 | D:14     | Identified the +4 broad axe of Megalomania {vamp, rC+}
 40225 | D:14     | Reached skill level 5 in Poison Magic
 40250 | D:14     | Identified the cursed +3 greatsling of Fate {velocity, Dex+2 SInv}
 41147 | D:15     | Entered Level 15 of the Dungeon
 41377 | D:15     | Noticed a tengu reaver
 41404 | D:14     | Upgraded the game from 0.19-a0-376-gf780d9b to 0.19-a0-412-gd94e72f
 41593 | Orc:1    | Entered Level 1 of the Orcish Mines
 42280 | Orc:1    | Found Hetuas's Antique Weapon Shoppe.
 42412 | Orc:2    | Entered Level 2 of the Orcish Mines
 42412 | Orc:2    | Found Ugainua's Distillery.
 42479 | Orc:2    | Bought a potion of haste for 170 gold pieces
 42479 | Orc:2    | Bought 2 potions of curing for 102 gold pieces
 42479 | Orc:2    | Bought a potion of heal wounds for 85 gold pieces
 42479 | Orc:2    | Bought a potion of brilliance for 68 gold pieces
 42479 | Orc:2    | Bought a potion of agility for 68 gold pieces
 42479 | Orc:2    | Bought a potion of invisibility for 136 gold pieces
 42479 | Orc:2    | Bought a potion of haste for 170 gold pieces
 42541 | Orc:2    | Found Oqikupe's Distillery.
 42640 | Orc:2    | Bought a potion of heal wounds for 80 gold pieces
 42640 | Orc:2    | Bought a potion of magic for 128 gold pieces
 42640 | Orc:2    | Bought a potion of heal wounds for 80 gold pieces
 42647 | Orc:2    | Found an iron altar of Okawaru.
 43231 | Orc:2    | Found a staircase to the Elven Halls.
 43566 | Orc:2    | Found Moiplerch's Antique Weapon Shop.
 43566 | Orc:2    | Found Daxzeath's Food Shoppe.
 43569 | Orc:2    | Found Eskudaabi's Assorted Antiques.
 43569 | Orc:2    | Found Qountaicac's Jewellery Shop.
 43585 | Orc:2    | Paralysed by an ogre mage for 3 turns
 43649 | Orc:2    | Reached XP level 17. HP: 101/119 MP: 16/31
 43878 | Orc:2    | Bought a tapered glass wand for 132 gold pieces
 43993 | Orc:2    | Found Yruc's Assorted Antiques.
 43996 | Orc:2    | Bought a potion of heal wounds for 185 gold pieces
 44026 | Orc:2    | wew lad
 44033 | Orc:2    | Learned a level 6 spell: Poison Arrow
 44272 | Lair:1   | Upgraded the game from 0.19-a0-412-gd94e72f to 0.19-a0-414-g76fec5b
 44335 | Snake:1  | Entered Level 1 of the Snake Pit
 45988 | Shoals:1 | Entered Level 1 of the Shoals
 46928 | Shoals:1 | Noticed a kraken
 46949 | Shoals:1 | Killed a kraken
 47873 | Shoals:2 | Found Gibym's Distillery.
 47927 | Shoals:2 | Bought a potion of agility for 64 gold pieces
 47928 | Shoals:2 | Upgraded the game from 0.19-a0-414-g76fec5b to 0.19-a0-444-g66f5227
 48068 | Shoals:2 | Found Suerim's Armour Shoppe.
 48106 | Shoals:2 | Found Locagal's Weapon Shoppe.
 48221 | Shoals:2 | Found Ysavyifi's Jewellery Shoppe.
 48453 | Shoals:2 | Slain by a merfolk impaler

Vault maps used:
D:1:      dpeg_arrival_arbitrary_b, nrook_uturn,
          hangedman_abyss_or_decor_lesser_grid
D:2:      old_standard_altar, uniq_iyjb, uniq_terence
D:3:      led_sif_pool, nicolae_dithmenos_through_a_glass_darkly,
          lemuel_crystal_altar, first_bread, ashenzari_altar_1
D:4:      trog_butcher_becter, uniq_sigmund
D:5:      minmay_temple_entry_from_below_b, serial_shops, shop_fountains
D:6:      gammafunk_temple_overflow_wave, lemuel_crystal_altar,
          minmay_liquid_box, uniq_duvessa
D:7:      corexii_shack_village, tgw_trog, uniq_prince_ribbit1
D:8:      serial_shops, shop_coins, uniq_maurice, uniq_psyche
D:9:      nemelex_xobeh_ov_fountains_minmay, overflow_temple_1_default,
          lair_0_dummy
D:10:     serial_shops, shop_statue, hangedman_tell_no_tales
D:11:     grunt_ministairs_9, uniq_erolcha, uniq_sonja
D:12:     grunt_ministairs_1
D:13:     erik_vaults_1, basic_altar
D:14:     serial_glass, glass_columns_a, glass_columns_c, glass_columns_c,
          glass_columns_a, glass_columns_b, glass_columns_b, minmay_fountain_box
D:15:     hangedman_slaughterboxes
Lair:1:   pond, bh_autumn_forest_stairs
Lair:3:   guppyfry_snake_entry_garden, serial_bayou_shore_b
Lair:4:   beast_lair_carwin_large_4, minmay_shoals_entry_beasts, st_stairs_11,
          minivault_27
Lair:5:   basic_altar
Lair:6:   pond_and_an_island_with_a_cottage, slime_altar_1, grunt_megastairs_2,
          infiniplex_staircase_pool
Lair:7:   nicolae_volcano_entry_lava_flow, uniq_rupert
Lair:8:   evilmike_catoblepas_cave, serial_bayou_lagoon_a
Shoals:1: nicolae_shoals_island_circles
Shoals:2: serial_shops, shop, nicolae_shop_statue_plus, shop, shop
Orc:1:    serial_shops, nicolae_shop_waterfront
Orc:2:    st_orc_ogre_mass, serial_shops, nicolae_shop_behind_doors,
          nicolae_shop_waterfront, shop, library_closet,
          okawaru_metal_pillars_1_2
Volcano:  volcano_pools

Skill      XL: |  1  2  3  4  5  6  7  8  9 10 11 12 13 14 15 16 17 |
---------------+----------------------------------------------------+-----
Conjurations   | 1 2 3 4 5 6 8 10 11 12 | 12.0
Air Magic      | 4 5 6 7 8 10 12 13 | 13.8
Spellcasting   | 2 3 4 5 6 7 8 10 11 | 11.5
Fighting       | 4 7 9 10 11 12 | 12.2
Dodging        | 4 7 8 10 | 10.0
Translocations | 2 5 |  5.9
Poison Magic   | 3 6 7 |  7.1
Stealth        | |  2.1

Action                   |  1- 3 |  4- 6 |  7- 9 | 10-12 | 13-15 | 16-18 || total
-------------------------+-------+-------+-------+-------+-------+-------++-------
Melee: Dagger            |    84 |    52 |    24 |       |       |       ||   160
       Staff             |       |       |    11 |   107 |   147 |    38 ||   303
       Headbutt          |       |       |       |       |     6 |     6 ||    12
Throw: Stone             |     2 |       |     3 |       |       |       ||     5
 Cast: Shock             |    72 |   105 |   248 |   275 |   453 |   196 ||  1349
       Repel Missiles    |       |     1 |     1 |     2 |       |       ||     4
       Static Discharge  |       |     3 |    16 |    35 |   227 |    33 ||   314
       Lightning Bolt    |       |       |    16 |    34 |   259 |   104 ||   413
       Swiftness         |       |       |       |     2 |     4 |       ||     6
       Animate Skeleton  |       |       |       |       |     9 |    98 ||   107
       Poisonous Cloud   |       |       |       |       |     5 |    31 ||    36
       Stone Arrow       |       |       |       |       |       |   420 ||   420
       Passage of Golubr |       |       |       |       |       |     3 ||     3
       Poison Arrow      |       |       |       |       |       |    33 ||    33
Invok: Curse Item        |       |     2 |       |     1 |     2 |     1 ||     6
       Scrying           |       |       |       |       |       |     1 ||     1
Evoke: Wand              |       |     3 |    11 |    20 |    24 |     1 ||    59
       Lamp of fire      |       |       |       |       |     2 |     2 ||     4
       Phial of floods   |       |       |       |       |       |     2 ||     2
       Deck              |       |       |       |       |       |     2 ||     2
  Use: Scroll            |       |     4 |     9 |    16 |    14 |    11 ||    54
       Potion            |       |     2 |     3 |     5 |     5 |     3 ||    18
 Stab: Invisible         |       |     4 |       |       |       |       ||     4
       Sleeping          |       |     2 |     1 |       |       |       ||     3
       Paralysed         |       |       |       |    11 |       |       ||    11
  Eat: Chunk             |     5 |    12 |    16 |    12 |    55 |    57 ||   157
       Beef jerky        |       |       |     2 |       |     3 |     1 ||     6
       Bread ration      |       |       |     2 |     5 |     2 |       ||     9
       Meat ration       |       |       |       |     1 |     8 |     3 ||    12
       Fruit             |       |       |       |       |     5 |     4 ||     9
       Pizza             |       |       |       |       |     2 |     4 ||     6
       Royal jelly       |       |       |       |       |     1 |       ||     1
Armor: Robe              |    50 |    12 |    38 |    73 |   151 |    84 ||   408
       Skin              |       |       |       |     8 |       |       ||     8
Dodge: Dodged            |   135 |    77 |   106 |   179 |   894 |   621 ||  2012
       Deflected         |       |       |     8 |     3 |     4 |    24 ||    39
